Map: Jagannatha LE

Players

Blackus

  • Race: Protoss Protoss
  • Spawn Location: 7:00

Pumba - Winner!

  • Race: Zerg Zerg
  • League: Silver
  • Spawn Location: 1:00

VOD

Have the link to the VOD?

Description

Time

  • Played on: July 27, 2021, 6:22 p.m.
  • Length: 7:41
Show
View Real Time Build Order
Export as new Build Order

Blackus Protoss 

Build Orders:  

Get SALT Encoding   

  12  0:01  Probe (Chrono Boost)  
  13  0:12  Probe (Chrono Boost)  
  14  0:16  Probe (Chrono Boost)  
  15  0:24  Pylon  
  15  0:42  Probe  
  16  0:45  Gateway  
  16  0:54  Probe  
  17  1:00  Pylon  
  17  1:04  Assimilator  
  17  1:06  Probe  
  17  1:10  Assimilator  
  18  1:18  Probe  
  19  1:30  Probe  
  20  1:42  Probe  
  20  1:46  Cybernetics Core  
  21  1:48  Pylon  
  21  1:51  Zealot  
  23  1:55  Probe (Chrono Boost)  
  24  2:11  Gateway  
  24  2:24  Warp Gate (Chrono Boost)  
  24  2:38  Stargate  
  24  2:59  Stargate  
  24  3:08  Stalker  
  24  3:10  Stalker  
  26  3:30  Forge  
  26  3:35  Pylon  
  26  3:37  Pylon  
  26  3:41  Pylon  
  26  3:44  Pylon  
  26  3:55  Void Ray  
  30  3:58  Void Ray  
  34  4:30  Probe (Chrono Boost)  
  34  4:40  Probe (Chrono Boost)  
  34  4:45  Void Ray  
  39  4:56  Void Ray  
  39  4:58  Nexus  
  43  5:02  Zealot  
  43  5:03  Zealot  
  47  5:13  Pylon  
  47  5:38  Zealot  
  47  5:39  Zealot  
Show
View Real Time Build Order
Export as new Build Order

Pumba Zerg - Winner!

Build Orders: Pool First 

Get SALT Encoding   

  12  0:00  Drone  
  13  0:13  Overlord  
  13  0:20  Drone  
  14  0:32  Drone x2  
  16  0:36  Drone  
  17  0:45  Spawning Pool  
  16  0:50  Drone  
  17  1:11  Hatchery  
  16  1:14  Drone  
  16  1:18  Extractor  
  16  1:21  Drone  
  16  1:24  Drone  
  18  1:32  Drone  
  19  1:36  Queen  
  21  1:45  Overlord  
  21  1:59  Drone  
  22  2:04  Drone  
  23  2:12  Queen  
  23  2:13  Zergling x2  
  26  2:26  Drone  
  26  2:29  Metabolic Boost  
  27  2:31  Drone  
  28  2:38  Overlord  
  28  2:43  Drone  
  29  2:54  Drone  
  29  2:55  Drone x3  
  29  2:56  Drone, Overlord  
  34  3:18  Roach Warren  
  32  3:26  Drone x7  
  32  3:27  Overlord x2  
  39  3:29  Drone  
  40  3:47  Drone x2  
  42  3:52  Extractor  
  42  3:53  Extractor x2  
  42  3:54  Lair  
  39  3:59  Drone x2  
  39  4:00  Drone x4  
  39  4:01  Overlord x2  
  45  4:16  Hatchery  
  43  4:38  Drone x2  
  43  4:39  Drone x4  
  43  4:44  Drone x2  
  51  4:48  Roach x2  
  51  4:49  Roach x2  
  59  4:57  Glial Reconstitution  
  59  5:05  Overseer  
  59  5:17  Roach x10  
  79  5:26  Spore Crawler  
  79  5:27  Spore Crawler x2  
  76  5:29  Spore Crawler x2  
  76  5:30  Spore Crawler  
  76  5:33  Hydralisk Den  
  72  5:55  Overlord x4  
  72  5:57  Drone x2  
  74  6:05  Muscular Augments  
  74  6:15  Hydralisk x7  
  88  6:24  Hydralisk x3  
  91  6:45  Overlord x3  
  89  7:08  Hydralisk x3  
Tags
 
Add a new tag
Caveats
  • Supply blocks, unpowered buildings, or Contaminate may cause inaccurate times.
  • Supply counts are checked every 10 seconds.